 Dungeon Crawl Stone Soup version 0.26-a0-667-g92642533e4 (webtiles) character file.

Game seed: 395534407380012666

9 sahdkjhfkaj the Covered (level 2, 24/24 HPs)
             Began as a Minotaur Fighter on Oct 17, 2020.
             Was an Initiate of the Shining One.
             Quit the game on level 2 of the Dungeon.
             The game lasted 00:01:10 (1905 turns).

sahdkjhfkaj the Covered (Minotaur Fighter)          Turns: 1905, Time: 00:01:11

Health: 24/24      AC: 11    Str: 20    XL:     2   Next: 6%
Magic:  1/1        EV:  7    Int:  5    God:    the Shining One [......]
Gold:   15         SH: 10    Dex:  9    Spells: 1/1 levels left

rFire    . . .     SeeInvis .   a - +0 war axe
rCold    . . .     Faith    .   c - +1 kite shield
rNeg     . . .     Spirit   .   b - +0 scale mail
rPois    .         Reflect  .   (helmet restricted)
rElec    .         Harm     .   (no cloak)
rCorr    .         Rampage  .   (no gloves)
MR       .....                  (no boots)
Stlth    ..........             (no amulet)
HPRegen  0.08/turn              f - +4 ring of protection
MPRegen  0.07/turn              (no ring)

@: glowing
A: retaliatory headbutt, reduced essence, horns 2
a: Renounce Religion


You were on level 2 of the Dungeon.
You worshipped the Shining One.
The Shining One was noncommittal.
You visited 1 branch of the dungeon, and saw 2 of its levels.

You collected 15 gold pieces.

Inventory:

Hand Weapons
 a - a +0 war axe (weapon)
Armour
 b - a +0 scale mail (worn)
 c - a +1 kite shield (worn)
Jewellery
 f - a +4 ring of protection (left hand)
Scrolls
 g - a scroll of noise {unknown}
Potions
 d - a potion of might
 e - a potion of curing {unknown}


   Skills:
 + Level 3.8 Fighting
 + Level 2.5 Axes
 + Level 3.9 Armour
 + Level 3.8 Shields


You had one spell level left.
You didn't know any spells.
Your spell library was empty.

Dungeon Overview and Level Annotations

Branches:
Dungeon (2/15)

Altars:
Elyvilon
Hepliaklqana
Nemelex Xobeh
Qazlal
The Shining One


Innate Abilities, Weirdness & Mutations

You reflexively headbutt those who attack you in melee.
You have a pair of horns on your head.
Your life essence is reduced to manifest your ancestor. (-10% HP)


Message History

You are too injured to fight recklessly!
You are too injured to fight recklessly!
You are too injured to fight recklessly!
You are too injured to fight recklessly!
You are too injured to fight recklessly!
You are too injured to fight recklessly!
You are too injured to fight recklessly!
You are too injured to fight recklessly!
You are too injured to fight recklessly!
You are too injured to fight recklessly!
You closely miss the kobold. Your headbutt misses the kobold.
You block the kobold's attack. The kobold hits you but does no damage.
You completely miss the kobold. You headbutt the kobold.
You kill the kobold!
g - a scroll labeled FIOTISHR DYKIOG
Things that are here:
a +0 short sword; a kobold corpse You start resting.
HP restored.
Are you sure you want to abandon this character and quit the game? (Confirm with "yes".)

,,,**,,#.*#.#*#.###.....#..,+,,,,
,,,**,,..,...,#.# #######.#**,,,,
,,,**,,,,##.#,#.# *.# *****
,,,**,,,,,..#,#.# ######.#
**,,,,,,*,###,#.####...#..#*###
*,,,,,,*,,,,,#.[...._....#...*
**,,,,,,*########........##.#,*
,+,,,,,,,...................#,*
**,,,,****##....@)_..⌠.._.###.##*
**,,,,,,,..........(...........!.
,,,,,,,,,.........._..._.........
*********##....<..........=...[..
#.......!....##........
**********#.#########.###........
,,,,,,,,,...* #.# #........
**,,,,***##** #.# #####.###
**,,,,* #.# *..,,


There were no monsters in sight!

Vanquished Creatures
  A worm (D:2)
  2 goblins
  3 kobolds
  2 frilled lizards (D:2)
8 creatures vanquished.

Notes
Turn   | Place    | Note
-------+----------+-------------------------------------------
     0 | D:1      | sahdkjhfkaj the Minotaur Fighter began the quest for the
                  | Orb.
     0 | D:1      | Reached XP level 1. HP: 19/19 MP: 0/0
    44 | D:1      | You fall into a shaft and drop 1 floor!
    92 | D:2      | Reached XP level 2. HP: 26/27 MP: 1/1
   113 | D:2      | Found a stormy altar of Qazlal.
   113 | D:2      | Found a white marble altar of Elyvilon.
   116 | D:2      | Found a sparkling altar of Nemelex Xobeh.
   117 | D:2      | Found a glowing golden altar of the Shining One.
   118 | D:2      | Found a hazy altar of Hepliaklqana.
   129 | D:2      | Became a worshipper of Elyvilon the Healer
   134 | D:2      | Fell from the grace of Elyvilon
   134 | D:2      | Became a worshipper of the Shining One
   145 | D:2      | Fell from the grace of the Shining One
   145 | D:2      | Became a worshipper of Elyvilon the Healer
   148 | D:2      | Fell from the grace of Elyvilon
   148 | D:2      | Became a worshipper of Qazlal Stormbringer
   153 | D:2      | Fell from the grace of Qazlal
   153 | D:2      | Became a worshipper of Nemelex Xobeh the Trickster
   157 | D:2      | Fell from the grace of Nemelex Xobeh
   157 | D:2      | Became a worshipper of Hepliaklqana the Forgotten
   160 | D:2      | Fell from the grace of Hepliaklqana
   160 | D:2      | Became a worshipper of the Shining One
  1905 | D:2      | Quit the game

Illustrated notes

Levels and vault maps discovered:
D:1:      minmay_arrival_nine_rooms, layout_loops_ring
D:2:      layout_basic, grunt_temple_overflow_open,
          chequers_ecumenical_altar_simple_redux

Action                   || total
-------------------------++-------
Melee: War axe           ||    28
       Headbutt          ||     4
  Use: Scroll            ||     2
Armor: Scale mail        ||    10
Dodge: Dodged            ||     4
Block: Kite shield       ||    13

Table legend: (Time is in decaauts)
 A = Elapsed time spent in this place.
 B = Non-inter-level travel time spent in this place.
 C = Inter-level travel time spent in this place.
 D = Time resting spent in this place.
 E = Time spent auto-exploring this place.
 F = Levels seen in this place.
 G = Mean time per level.
                   A        B        C        D        E       F      G
               +--------+--------+--------+--------+--------+-----+--------+
         Total |   1917 |   1917 |      0 |   1728 |     71 |   2 |  958.5 |
       Dungeon |   1917 |   1917 |      0 |   1728 |     71 |   2 |  958.5 |
               +--------+--------+--------+--------+--------+-----+--------+

Top non-repeatable levels by time:
     D:2: 1871 daAuts
     D:1: 46 daAuts
